[Event "*** Titled Tuesday Blitz"]
[Site "Chess.com"]
[Date "2021.03.16"]
[Round "3"]
[White "Fighter008"]
[Black "1977Ivan"]
[Result "0-1"]
[WhiteElo "2627"]
[BlackElo "2821"]
[TimeControl "180+1"]
[EndTime "10:28:34 PDT"]
[Termination "1977Ivan won on time"]

1. e4 c5 2. Nf3 e6 3. d4 cxd4 4. Nxd4 Nc6 5. Nc3 Qc7 6. g3 a6 7.
Nxc6 dxc6 8. Bg2 e5 9. O-O h5 10. Be3 Nf6 11. h3 h4 12. g4 Be6 13. f4 Rd8 14. Qe1 exf4 15. Bxf4 Qb6+ 16. Kh1 Be7 17.
Rb1 Nd7 18. e5 Nf8 19. Ne4 Ng6 20. Bg5 Bxg5 21. Nxg5 O-O 22. Nxe6 fxe6 23. Qe4 Ne7 24. b3 Qc5 25. Rbe1 Qc3 26. Rd1 Qg3 27. Rxd8 Rxd8 28. Qb4 Ng6 29. Qxb7 Nxe5 30. Qe7 Rd4 31. Qxe6+ Kh7 32.
Qf5+ g6 33. Qe6 Rf4 34. Rd1 Rf2 35. Qe7+ Kh6 36. Rg1 Nf3 37. Qf8+ Kg5 38. Qe7+ Kf4 39. Qd6+ Ne5 40. Qf6+ Ke3 0-1

[Event "*** Titled Tuesday Blitz"]
[Site "Chess.com"]
[Date "2021.03.16"]
[Round "3"]
[White "Shuvalov"]
[Black "Rud_Makarian"]
[Result "0-1"]
[WhiteElo "2489"]
[BlackElo "2793"]
[TimeControl "180+1"]
[EndTime "10:28:34 PDT"]
[Termination "Rud_Makarian won by resignation"]

1. Nf3 Nf6 2. c4 a6 3. e3 e6 4. b3 d5 5. Bb2 c5 6. Nc3 Nc6 7. cxd5 exd5 8. d4 Bg4 9. Be2 b5 10. dxc5 Bxc5 11. O-O O-O 12. Rc1 Qd6 13. h3 Bh5 14.
Nh4 Bg6 15. Nxg6 hxg6 16. Bf3 Ne7 17. Ne2 Rac8 18. Qd3 Rfd8 19. Rfd1 Ba3 20. Qb1 Bxb2 21. Qxb2 Rxc1 22. Rxc1 Nf5 23. Nd4 Ne4 24. Rc6 Qb4 25. Bxe4 dxe4 26. Nxf5 gxf5 27. Rxa6 Qe1+ 28. Kh2 Rd2 29. Qe5 Qxf2 30. Qg3 Qxg3+ 31. Kxg3 g6 32. h4 Re2 33. Kf4 Rxg2 34. a4 bxa4 35. bxa4 Kg7 36.
a5 Rg4+ 37. Ke5 Rxh4 38. Ra8 Rh1 39. a6 Ra1 40. a7 Ra5+ 41. Kf4 Kf6 42. Kg3 g5 43. Kh3 Ra3 44. Kh2 f4 45. exf4 gxf4 46. Kg2 Kf5 47. Kh2 Ra2+ 48. Kh3 e3 49. Rd8 Rxa7 50. Rd5+ Ke4 0-1

[Event "*** Titled Tuesday Blitz"]
[Site "Chess.com"]
[Date "2021.03.16"]
[Round "3"]
[White "winniethepooh04"]
[Black "I_Enchev"]
[Result "1/2-1/2"]
[WhiteElo "2253"]
[BlackElo "2529"]
[TimeControl "180+1"]
[EndTime "10:28:35 PDT"]
[Termination "Game drawn by agreement"]

1. e4 c6 2. Nf3 d5 3. Nc3 dxe4 4. Nxe4 Nf6 5. Nxf6+ exf6 6. d4 Bd6 7. Bc4 O-O 8. h3 Nd7 9. c3 b5 10. Bb3 Bb7 11.
O-O c5 12. Bc2 c4 13. b3 Qc7 14.
bxc4 Qxc4 15. Qd3 Qxd3 16. Bxd3 a6 17. a4 b4 18. cxb4 Bxb4 19. Rb1 a5 20. Bd2 Bxf3 21.
Bxb4 axb4 22. gxf3 Rxa4 23. Bb5 Ra7 24. Bxd7 Rxd7 25. Rxb4 Rfd8 26. Rd1 f5 27. f4 f6 28. Kg2 Kf7 29. Kf3 g5 30. fxg5 fxg5 31. Rb5 Kf6 32. d5 Rd6 33. Rb7 h5 34. Rb5 Rc8 35.
Kg3 Rc3+ 36. f3 g4 37. hxg4 hxg4 38. Rf1 Kg5 39. Kg2 Rc2+ 40. Rf2 Rc4 41. fxg4 Kxg4 42. Rb8 Rxd5 43. Rg8+ Kh5 44. Rh8+ Kg6 45. Rg8+ Kf7 46. Rg5 Kf6 47. Rg8 Rc7 48. Rf8+ Rf7 49. Ra8 Rg7+ 50. Kf1 Rg4 51. Rf8+ Kg6 52. Rg8+ Kh7 53. Rxg4 fxg4 54. Kg2 Kg6 55. Kg3 Kg5 56. Kg2 Rd3 57. Rf8 Rd2+ 58. Kg3 Rd3+ 59. Kg2 1/2-1/2

[Event "*** Titled Tuesday Blitz"]
[Site "Chess.com"]
[Date "2021.03.16"]
[Round "3"]
[White "politeplayer"]
[Black "eCztery"]
[Result "0-1"]
[WhiteElo "2223"]
[BlackElo "2404"]
[TimeControl "180+1"]
[EndTime "10:28:35 PDT"]
[Termination "eCztery won by checkmate"]

1. e4 c5 2. Nf3 g6 3. d4 cxd4 4. Nxd4 Nf6 5. Nc3 d6 6. Be3 Bg7 7. f3 O-O 8. Qd2 Nc6 9. Bc4 Qa5 10. O-O Nxd4 11. Bxd4 Be6 12. Bxe6 fxe6 13. Rad1 Rac8 14.
Kh1 Kh8 15. a3 a6 16. Rfe1 e5 17. Be3 Rfd8 18. Bh6 e6 19. Bxg7+ Kxg7 20. f4 exf4 21. Qxf4 Qe5 22. Qxe5 dxe5 23. Kg1 Rd4 24. Rd3 b5 25. Rf3 a5 26. Ref1 Nxe4 27. Rf7+ Kh6 28. Nxb5 Rxc2 29.
Nxd4 exd4 30. R7f4 Nd2 31. Rd1 Nc4 32. b4 e5 33. Rh4+ Kg5 34. Rxh7 axb4 35. axb4 Ne3 36. Rb1 Rxg2+ 37. Kh1 Rc2 38. Rh3 Kf4 39. b5 d3 40. Rb4+ e4 41. Rb1 d2 42. Rh4+ Kg5 43. Rxe4 Rc1+ 44. Rxc1 dxc1=Q# 0-1

[Event "*** Titled Tuesday Blitz"]
[Site "Chess.com"]
[Date "2021.03.16"]
[Round "3"]
[White "AIROPITO7"]
[Black "IsaacWiebe"]
[Result "1-0"]
[WhiteElo "2546"]
[BlackElo "2249"]
[TimeControl "180+1"]
[EndTime "10:28:36 PDT"]
[Termination "AIROPITO7 won by checkmate"]

1. g3 d5 2. Bg2 Nf6 3. Nf3 Bg4 4. O-O c5 5. d4 Bxf3 6. Bxf3 cxd4 7. Qxd4 Nc6 8. Qd1 e6 9. c4 dxc4 10. Qa4 Be7 11.
Rd1 Qc7 12. Bf4 Qb6 13. Nd2 O-O 14. Nxc4 Qc5 15. Nd6 Nd5 16. Bxd5 exd5 17. Nxb7 Qb6 18. Nd6 g5 19. Nf5 Bf6 20. Be3 d4 21. Nxd4 Nxd4 22.
Bxd4 Bxd4 23. Qxd4 Qe6 24. e3 Rab8 25. Qxa7 Rxb2 26.
Qc5 Qf6 27. Rf1 Rxf2 28. Rxf2 Qxa1+ 29. Kg2 Qg7 30. Qd5 Re8 31. e4 Qg6 32. Rf5 h6 33.
a4 Qe6 34. Qxe6 Rxe6 35. Kf3 Rb6 36. a5 Rb3+ 37. Kg4 Ra3 38. Rb5 Kg7 39. Kf5 Ra2 40. h4 gxh4 41. gxh4 Rf2+ 42. Ke5 Ra2 43. Kd5 Kg6 44.
Kc6 Rc2+ 45. Kb6 Ra2 46. a6 f5 47. exf5+ Kh5 48. f6+ Kg6 49. a7 Kxf6 50. Kb7 h5 51. a8=Q Rxa8 52. Kxa8 Kg6 53. Rg5+ Kh6 54. Kb7 Kh7 55. Kc7 Kh6 56. Kd7 Kh7 57. Ke6 Kh6 58. Kf6 Kh7 59. Kf7 Kh6 60. Rf5 Kh7 61. Rxh5# 1-0

[Event "*** Titled Tuesday Blitz"]
[Site "Chess.com"]
[Date "2021.03.16"]
[Round "3"]
[White "Frolyanov_D"]
[Black "Fandorine"]
[Result "1-0"]
[WhiteElo "2692"]
[BlackElo "2872"]
[TimeControl "180+1"]
[EndTime "10:28:39 PDT"]
[Termination "Frolyanov_D won by resignation"]

1. e4 c5 2. Nf3 e6 3. d4 cxd4 4.
Nxd4 Nc6 5. Nc3 Qc7 6. g3 a6 7. Bg2 Nf6 8. O-O Nxd4 9. Qxd4 Bc5 10.
Bf4 d6 11. Qd3 Ng4 12. Rad1 Ne5 13. Qe2 b5 14. a3 Bb7 15. Na2 O-O 16. Nb4 Ng6 17.
Bc1 Rac8 18. h4 h6 19. c3 Qe7 20. Nd3 Rfd8 21. Qg4 Qf6 22. Bxh6 gxh6 23. e5 dxe5 24. Bxb7 h5 25. Qxh5 Rc7 26. Nxc5 Rxd1 27. Rxd1 Rxc5 28. Qg5 Qxg5 29. hxg5 a5 30. Kg2 Kf8 31. Be4 b4 32.
axb4 axb4 33. cxb4 Rb5 34. Bxg6 fxg6 35. Re1 Rxb4 36.
Rxe5 Kf7 37. Re2 Ke7 38. Kf1 Kd6 39. Ke1 e5 40. Kd1 Kd5 41. Kc2 e4 42. Rd2+ Ke5 43. Kc3 Rb8 44. b4 Kf5 45. Rd5+ Kg4 46. Rd6 Kf3 47. Rf6+ Ke2 48. Kc4 Re8 49. b5 Rc8+ 50.
Kd4 e3 51. fxe3 Rd8+ 52. Kc5 Kxe3 1-0

[Event "*** Titled Tuesday Blitz"]
[Site "Chess.com"]
[Date "2021.03.16"]
[Round "3"]
[White "zajka-molotok"]
[Black "ariosp"]
[Result "1-0"]
[WhiteElo "2520"]
[BlackElo "2203"]
[TimeControl "180+1"]
[EndTime "10:28:40 PDT"]
[Termination "zajka-molotok won on time"]

1. b4 e5 2. Bb2 f6 3. b5 d5 4. e3 Be6 5. Nf3 Qd7 6. d4 e4 7. Nfd2 c6 8. a4 Bd6 9. c4 f5 10. Nc3 Nf6 11. Qb3 f4 12. Ba3 fxe3 13. fxe3 O-O 14. Bxd6 Qxd6 15. Qa3 Qxa3 16. Rxa3 Ng4 17.
Nd1 Nd7 18. Be2 Rf7 19. h3 Nh6 20. g4 g5 21. Rc3 Nb6 22. cxd5 Bxd5 23. a5 Nc8 24. bxc6 bxc6 25. Rc5 Nd6 26. Nc3 Rb8 27. Nxd5 cxd5 28. Rxd5 Rf6 29. Rxg5+ Kh8 30. Rf1 Rxf1+ 31.
Bxf1 Rb2 32. Rd5 Nhf7 33. Bg2 Ra2 34. Nxe4 Nc4 35. Rd7 Nxe3 36. Rxf7 Nxg2+ 37. Kd1 Ne3+ 38. Kc1 Kg8 39. Rxa7 Nc4 40. Nf6+ Kf8 41. Nxh7+ Ke8 42. Nf6+ Kd8 43. a6 Rh2 44. Rh7 Ra2 45. a7 1-0

[Event "*** Titled Tuesday Blitz"]
[Site "Chess.com"]
[Date "2021.03.16"]
[Round "3"]
[White "BvsN"]
[Black "aljado"]
[Result "1-0"]
[WhiteElo "2425"]
[BlackElo "2126"]
[TimeControl "180+1"]
[EndTime "10:28:41 PDT"]
[Termination "BvsN won on time"]

1. c4 c5 2. Nf3 Nc6 3. e3 Nf6 4. Nc3 d5 5. cxd5 Nxd5 6. Bb5 Bg4 7. Qa4 Nb4 8. Bxc6+ bxc6 9. Ne5 Bd7 10. a3 Nd5 11.
O-O Qc7 12. Nxd7 Qxd7 13. Ne4 e5 14. d3 Be7 15. Qc2 O-O 16. Rd1 Qg4 17. f3 Qg6 18. Nxc5 f5 19. b4 e4 20. dxe4 Bxc5 21. exd5 Bb6 22.
dxc6 Rfe8 23. Re1 Rac8 24. b5 Qe6 25. Bd2 f4 26. Kh1 fxe3 27. Bc3 Qd5 28. a4 Qc4 29. Qb2 Rc7 30. Rac1 Qxa4 31. Be5 Rf7 32. c7 Qa5 33.
c8=Q Qxe1+ 34. Rxe1 Rxc8 35. Bd4 Ba5 36. Rxe3 Rd7 37. h3 Rcd8 38. Rd3 Bb6 39. Qb3+ Kh8 40. Qb2 Rxd4 41. Rxd4 Bxd4 42. Qd2 Bb6 43. Qf4 Kg8 44. h4 h6 45. g4 Bc5 46. Kg2 Bd6 47. Qc4+ Kh7 48.
Qc6 Bb8 49. Qc2+ Kh8 50. Qc4 1-0

[Event "*** Titled Tuesday Blitz"]
[Site "Chess.com"]
[Date "2021.03.16"]
[Round "3"]
[White "juli2512"]
[Black "MartinMatthiesen"]
[Result "1-0"]
[WhiteElo "2184"]
[BlackElo "2370"]
[TimeControl "180+1"]
[EndTime "10:28:42 PDT"]
[Termination "juli2512 won on time"]

1. e4 e5 2. Nc3 Nf6 3. g3 d5 4.
exd5 Nxd5 5. Bg2 Nxc3 6. bxc3 Bd6 7. d3 O-O 8. Nf3 Bg4 9. h3 Bh5 10. Be3 Nd7 11. O-O c6 12. Rb1 Rb8 13. Bxa7 Ra8 14. Be3 Qc7 15. Ra1 Ra3 16. Qd2 Rfa8 17. g4 Bg6 18. Nh4 Rxa2 19. Rxa2 Rxa2 20. Nxg6 hxg6 21.
Rb1 Nf6 22. c4 Nd7 23. Be4 Nc5 24. Bxc5 Bxc5 25. Kg2 b6 26. Re1 Qd6 27. Re2 Qd4 28.
Qg5 Ra1 29. Bxc6 Rb1 30. Qxe5 Qxe5 31. Rxe5 Rc1 32. Re2 g5 33. Bd5 g6 34. Kf3 Kg7 35.
Kg3 Bd6+ 36. Kf3 Bc5 37. Ke4 Rd1 38. c3 Rh1 39. d4 Ba3 40. Re3 Bc1 41. Rf3 Re1+ 42.
Kd3 Bf4 43. c5 bxc5 44. dxc5 Kf6 45. Kc4 Ke7 46. Rd3 Ra1 47. c6 Ra7 48. Kb5 f6 49. Kb6 1-0

[Event "*** Titled Tuesday Blitz"]
[Site "Chess.com"]
[Date "2021.03.16"]
[Round "3"]
[White "Susal_De_Silva"]
[Black "Bacyanide"]
[Result "1-0"]
[WhiteElo "2631"]
[BlackElo "2411"]
[TimeControl "180+1"]
[EndTime "10:28:43 PDT"]
[Termination "Susal_De_Silva won by resignation"]

1. e4 c6 2. d4 d5 3. Nc3 dxe4 4. Nxe4 Nf6 5. Nxf6+ exf6 6. c3 Bd6 7. Bd3 O-O 8. Ne2 Re8 9. Qc2 h5 10. O-O h4 11. h3 Nd7 12. Bd2 Nf8 13. Rae1 Be6 14. c4 Rc8 15. f4 Bb8 16. b3 Qd6 17. c5 Qc7 18. Nc3 Rcd8 19. Be3 Bc8 20. Qf2 b6 21. b4 a5 22. a3 axb4 23. axb4 bxc5 24. bxc5 Qa5 25. Ne4 f5 26. Ng5 Qc3 27. Bb1 Ba6 28.
Ba2 Rd7 29. Bd2 Rxe1 30. Rxe1 Qb2 31. Ba5 Qxf2+ 32. Kxf2 Bxf4 33. Nxf7 Kh7 34. Re8 Ng6 35. Bc3 Bg3+ 36. Kf3 Bd3 37. Ng5+ Kh6 38. Bd2 f4 39.
Be6 Rxd4 40. Nf7+ Kh7 41. Bc3 Be4+ 42. Kg4 Rd3 43. Ng5+ Kh6 44. Nxe4 Bf2 45. Rg8 Rxc3 46. Nxc3 Bxc5 47. Bf5 Bd4 48. Bxg6 Kxg6 49. Ne2 Be3 50. Nxf4+ 1-0

[Event "*** Titled Tuesday Blitz"]
[Site "Chess.com"]
[Date "2021.03.16"]
[Round "3"]
[White "youngKID"]
[Black "SilviusTiberius"]
[Result "1-0"]
[WhiteElo "2786"]
[BlackElo "2541"]
[TimeControl "180+1"]
[EndTime "10:28:45 PDT"]
[Termination "youngKID won by resignation"]

1. e4 e5 2. Nf3 Nc6 3. Bb5 Nf6 4. Qe2 Bd6 5. Bxc6 bxc6 6. d4 Qe7 7. dxe5 Bxe5 8. Nxe5 Qxe5 9. Nc3 O-O 10. O-O Re8 11.
f4 Qa5 12. Kh1 Ba6 13. Qf2 Bxf1 14. e5 Nd5 15. Qxf1 Nxc3 16. Bd2 Qb5 17. Bxc3 Qxf1+ 18. Rxf1 d6 19. Kg1 Rab8 20. Kf2 dxe5 21. fxe5 Rbd8 22. Re1 Rd5 23. Re4 f6 24. Ra4 fxe5 25. Rxa7 Rd7 26. Ra5 e4 27. Ke3 Rd5 28. Ra7 Re7 29. a4 Rg5 30. Ra8+ Kf7 31. a5 Rxg2 32. a6 Rg1 33. b3 Rf1 34. a7 Rf3+ 35. Kd4 e3 36. Rf8+ Kxf8 37. a8=Q+ Kf7 38. Qxc6 Rf4+ 39. Kd3 e2 40. Be1 Rf6 41. Qc4+ Ke8 42. Qg8+ Kd7 43. Qxh7 Rd6+ 44. Kc3 Rd1 45. Qh4 Re6 46.
Kb2 g5 47. Qxg5 Kc6 48. Qg3 Rd5 49. Qf3 Kd6 50. Bg3+ Kc5 51. Bf2+ Kc6 52. c4 Re4 53. cxd5+ Kb5 54. Qxe4 1-0

[Event "*** Titled Tuesday Blitz"]
[Site "Chess.com"]
[Date "2021.03.16"]
[Round "3"]
[White "abeljusto"]
[Black "Treacherous_horse64"]
[Result "0-1"]
[WhiteElo "2190"]
[BlackElo "2509"]
[TimeControl "180+1"]
[EndTime "10:28:45 PDT"]
[Termination "Treacherous_horse64 won by resignation"]

1. d4 Nf6 2. Bf4 g6 3. Nf3 Bg7 4. e3 O-O 5. h3 d6 6. Be2 Nbd7 7. O-O Nd5 8. Bh2 e5 9. c4 N5b6 10. Nc3 c6 11. Rc1 Qe7 12. Re1 e4 13. Nd2 f5 14.
b4 c5 15. bxc5 dxc5 16. Nb3 Rd8 17. Nb5 Ne5 18. Qc2 cxd4 19. exd4 Nc6 20. d5 Ne5 21.
d6 Qf7 22. c5 Nd5 23. Red1 Nb4 24. Qb1 Nbd3 25. Bxd3 Nxd3 26. Rxd3 exd3 27. Qxd3 Be6 28.
Nc7 Rac8 29. Nxe6 Qxe6 30. Qb5 Qd7 31. Qxd7 Rxd7 32. Na5 b6 33. c6 bxa5 34. Bf4 Bf8 35. cxd7 Rd8 36. Rc7 Kf7 37. Rxa7 Ke6 38. g3 Rxd7 39.
Rxd7 Kxd7 40. h4 Bxd6 41. Bxd6 Kxd6 42. Kf1 Kc5 43. Ke2 Kb4 44. Ke3 Ka3 45. g4 Kxa2 46. gxf5 gxf5 47. Kf4 Kb2 48. Kxf5 a4 49. Ke6 a3 50. f4 a2 51. f5 a1=Q 52. f6 Qa8 53. f7 Qf8 54. Kf6 Kc3 55. h5 Kd4 56. Ke6 Ke4 57.
Kf6 Kf4 58. Ke6 Kg5 0-1

[Event "*** Titled Tuesday Blitz"]
[Site "Chess.com"]
[Date "2021.03.16"]
[Round "3"]
[White "Sychev_Klementy"]
[Black "gurelediz"]
[Result "1-0"]
[WhiteElo "2879"]
[BlackElo "2661"]
[TimeControl "180+1"]
[EndTime "10:28:49 PDT"]
[Termination "Sychev_Klementy won by resignation"]

1. e4 c6 2. d4 d5 3. e5 Bf5 4. Nf3 e6 5. Be2 Nd7 6. O-O Ne7 7. Nh4 c5 8. c3 Be4 9. Nd2 Nc6 10. Nxe4 dxe4 11.
g3 cxd4 12. cxd4 Be7 13. d5 exd5 14. Nf5 O-O 15. Qxd5 Ndxe5 16. Qxe4 Bf6 17. Be3 Re8 18. Rfd1 Qc7 19. Nd6 Re6 20. Nb5 Qe7 21. Nc3 Ng6 22.
Qg2 Rxe3 23. Nd5 Rxe2 24. Nxe7+ Rxe7 25. Re1 h6 26. Rxe7 Ngxe7 27. Rd1 Rd8 28. Rxd8+ Nxd8 29. b4 a6 30. Qe4 Kf8 31. a4 Nec6 32. b5 axb5 33.
axb5 Nd4 34. Qd5 Ke7 35. Kg2 N4e6 36. f4 b6 37. h4 Nc7 38. Qc4 Nde6 39. Qc6 Kd8 40. Qxb6 Bd4 41. Qc6 Ne8 42. b6 Bxb6 43. Qxb6+ Ke7 44. f5 N6c7 45. f6+ gxf6 46. Qe3+ Ne6 47.
Qxh6 Nd6 48. Qd2 Nf5 49. Qb4+ Ke8 50. h5 Nh6 51. Kg1 Ng5 52. Qd6 Ng8 53. Qb8+ 1-0

[Event "*** Titled Tuesday Blitz"]
[Site "Chess.com"]
[Date "2021.03.16"]
[Round "3"]
[White "guillembaches"]
[Black "sokidze"]
[Result "1/2-1/2"]
[WhiteElo "2480"]
[BlackElo "2704"]
[TimeControl "180+1"]
[EndTime "10:28:49 PDT"]
[Termination "Game drawn by repetition"]

1. e4 c5 2. Nf3 Nc6 3. d4 cxd4 4.
Nxd4 g6 5. c4 Nf6 6. Nc3 d6 7.
Nc2 Bg7 8. Be2 O-O 9. Be3 Nd7 10. Qd2 Nc5 11. f3 a5 12. O-O b6 13. Rfc1 Ba6 14. b3 Rc8 15. Rab1 e6 16. Rd1 Qf6 17. Nb5 Bxb5 18. cxb5 Ne5 19. Bg5 Nxb3 20. axb3 Rxc2 21. Bxf6 Rxd2 22. Rxd2 Bxf6 23. Rxd6 Be7 24. Rd2 Bb4 25. Rc2 Bc5+ 26. Kf1 g5 27. Rd1 Kg7 28. Rcd2 f5 29. exf5 Rxf5 30. Rd8 h5 31. Bd3 Rf7 32. Be4 h4 33. Ke2 Kf6 34. Rh8 Bf8 35. Rd8 Bg7 36. Rhe8 Rc7 37. Rd6 Kf7 38. Rexe6 Rc3 39. Rxb6 Rxb3 40.
Rxe5 Rb2+ 41. Bc2 Bxe5 42. Kd3 a4 43. Ra6 Rxb5 44. Rxa4 Kf6 45. Ra6+ Kg7 46. h3 Bf6 47. Ra7+ Kh6 48. Ke2 Re5+ 49. Kf1 Re7 50. Rxe7 Bxe7 51. Be4 Kg7 52. Kg1 Bd6 53. Kh1 Bg3 54. Bf5 Kf6 55. Bg4 Ke5 56. Bh5 Kf4 57. Bg4 Ke3 58. Bh5 Kf2 59. Bg4 Bf4 60. Bh5 Bg3 61. Bg4 Kf1 62.
Bh5 Kf2 1/2-1/2

[Event "*** Titled Tuesday Blitz"]
[Site "Chess.com"]
[Date "2021.03.16"]
[Round "3"]
[White "Jumbo"]
[Black "Aygehovit1992"]
[Result "1/2-1/2"]
[WhiteElo "2814"]
[BlackElo "2637"]
[TimeControl "180+1"]
[EndTime "10:28:52 PDT"]
[Termination "Game drawn by repetition"]

1. d4 Nf6 2. c4 g6 3. g3 Bg7 4. Bg2 O-O 5. Nc3 d6 6. Nf3 Nc6 7. O-O a6 8. Bf4 Rb8 9. Rc1 b5 10. Nd5 b4 11. Nxf6+ Bxf6 12. d5 Na5 13. Qd2 Bd7 14.
c5 Bb5 15. b3 Nb7 16. cxd6 cxd6 17. Nd4 Bxd4 18. Qxd4 f6 19. Rc2 a5 20. Rfc1 Nc5 21. h4 Rb6 22. Be3 Qd7 23. Qd2 Qg4 24. Bf3 Qf5 25. Bxc5 dxc5 26. Rxc5 Rd8 27. Qe3 Qe5 28. Qxe5 fxe5 29. Kf1 Kg7 30. Ke1 Kf6 31. Be4 a4 32.
Kd2 axb3 33. axb3 Ra8 34. Ke3 Ra3 35. Rb1 Ba4 36. Bc2 Rb5 37. Rc6+ Kf7 38. Ra6 Bxb3 39. Rxa3 Bxc2 40. Rb2 b3 41. Ra4 Rxd5 42. Rc4 Kf6 43. Rc6+ e6 44. f3 h5 45. Rc4 Ra5 46. Rc3 Ra1 47. Kd2 Rd1+ 48. Ke3 Ra1 49. Kf2 Rd1 50.
Ke3 Ra1 1/2-1/2

[Event "*** Titled Tuesday Blitz"]
[Site "Chess.com"]
[Date "2021.03.16"]
[Round "3"]
[White "Vincent_Vega95"]
[Black "BogdanDeac"]
[Result "1/2-1/2"]
[WhiteElo "2755"]
[BlackElo "2981"]
[TimeControl "180+1"]
[EndTime "10:28:53 PDT"]
[Termination "Game drawn by stalemate"]

1. d4 g6 2. c4 Bg7 3. e4 d6 4.
Nf3 Nd7 5. Nc3 e5 6. Be2 Nh6 7. h4 c6 8. h5 exd4 9. Nxd4 Ne5 10.
f3 Qe7 11. Be3 f5 12. Qd2 Nhf7 13. hxg6 hxg6 14. Rxh8+ Bxh8 15. exf5 gxf5 16. O-O-O Bd7 17. Nb3 Be6 18. Re1 Bxc4 19. f4 Bxe2 20. fxe5 Nxe5 21. Rxe2 a6 22. Nd4 O-O-O 23. Bg5 Bf6 24. Nxf5 Qe6 25.
Nd4 Qe7 26. Nf3 Qf7 27. Bxf6 Qxf6 28. Qg5 Qh8 29. Nxe5 dxe5 30. Qxe5 Qh1+ 31. Kc2 Qf1 32. Kb3 Qf7+ 33. Qe6+ Rd7 34. Qxf7 Rxf7 35. a4 Rg7 36. a5 Rg5 37. Ka4 Rg4+ 38. b4 c5 39. Re4 Rg3 40. Rc4 Rxg2 41. Rxc5+ Kb8 42. Nd5 Rg8 43. Kb3 Rh8 44. Kc4 Rh4+ 45. Kd3 Rh8 46. Kd4 Rh4+ 47. Ke5 Ka7 48. Rc8 Rh5+ 49. Kd6 Rh6+ 50. Kc5 Rh5 51. Kc4 Rh4+ 52. Kb3 Rh3+ 53. Ka4 Rg3 54. Nb6 Ra3+ 55. Kxa3 1/2-1/2

[Event "*** Titled Tuesday Blitz"]
[Site "Chess.com"]
[Date "2021.03.16"]
[Round "3"]
[White "jacky72"]
[Black "mbachez"]
[Result "1-0"]
[WhiteElo "2712"]
[BlackElo "2477"]
[TimeControl "180+1"]
[EndTime "10:28:53 PDT"]
[Termination "jacky72 won on time"]

1. d4 Nf6 2. c4 g6 3. Nc3 Bg7 4. e4 d6 5. Be2 O-O 6. Bg5 c5 7. d5 b5 8. cxb5 a6 9. a4 Qa5 10. Bd2 axb5 11. Nxb5 Qb6 12. a5 Qb7 13. Qc2 Na6 14.
Nf3 Bd7 15. Nc3 Nb4 16. Qd1 e6 17. dxe6 fxe6 18. O-O d5 19. Ne5 Be8 20. exd5 Nfxd5 21. Nxd5 Nxd5 22. a6 Qxb2 23. f4 Bxe5 24. fxe5 Rxf1+ 25. Bxf1 Bb5 26. Bxb5 Qxb5 27. a7 c4 28. Kh1 c3 29. Bh6 Qb2 30. h3 c2 31. Qc1 Qc3 32. Ra3 Qc5 33. Ra6 Rxa7 34. Rxe6 Rb7 35. Qf1 Nf4 36. Qxf4 c1=Q+ 37. Kh2 Qxf4+ 38. Bxf4 Rf7 39.
Bh6 Qc8 40. Rd6 Re7 41. Bf4 Qe8 42. Rd5 Re6 43. g4 h6 44. h4 g5 45. hxg5 hxg5 46. Bg3 Rg6 47. Kg1 Rh6 48. Rd3 Ra6 49. Kf2 Ra2+ 50.
Ke3 Qb5 51. e6 Kf8 52. Rd7 1-0

[Event "*** Titled Tuesday Blitz"]
[Site "Chess.com"]
[Date "2021.03.16"]
[Round "3"]
[White "Meri-Arabidze"]
[Black "DishonorOnYourCow"]
[Result "1-0"]
[WhiteElo "2645"]
[BlackElo "2424"]
[TimeControl "180+1"]
[EndTime "10:28:54 PDT"]
[Termination "Meri-Arabidze won by checkmate"]

1. d4 Nf6 2. c4 g6 3. Nc3 d5 4.
cxd5 Nxd5 5. g3 Bg7 6. Bg2 Nxc3 7.
bxc3 O-O 8. Bf4 c5 9. e3 cxd4 10. cxd4 Nc6 11. Nf3 Bg4 12. O-O Qa5 13. h3 Bxf3 14.
Qxf3 e5 15. dxe5 Nxe5 16. Qxb7 Nd3 17. Rab1 Nxf4 18. gxf4 Rad8 19. Rfd1 Qxa2 20. Bd5 Qa5 21. e4 Bh6 22. Ra1 Qb6 23. Rxa7 Qxb7 24. Rxb7 Bxf4 25. Rxf7 Kh8 26. Rb7 Be5 27. Kg2 Rb8 28. Rdb1 Rxb7 29. Rxb7 Re8 30. Rd7 Bf6 31. Rf7 Bg7 32. Rb7 Bf6 33.
f4 Re7 34. Rb8+ Kg7 35. e5 Bxe5 36. fxe5 Rxe5 37. Rb7+ Kf6 38. Bf3 h5 39. Kg3 Re3 40. Rb6+ Kg5 41. Rb5+ Kf6 42. Kf4 Ra3 43. Rb6+ Kg7 44. h4 Ra4+ 45. Be4 Kf7 46. Rc6 Rb4 47. Ra6 Rc4 48. Ke5 Kg7 49. Rxg6+ Kf7 50. Ra6 Rc5+ 51. Kf4 Kg7 52. Bf5 Rc4+ 53. Kg5 Rc5 54. Ra7+ Kf8 55. Kf6 Rc6+ 56. Be6 Ke8 57. Ra8+ Rc8 58.
Rxc8# 1-0

[Event "*** Titled Tuesday Blitz"]
[Site "Chess.com"]
[Date "2021.03.16"]
[Round "3"]
[White "Soltan49"]
[Black "karinachess1"]
[Result "1/2-1/2"]
[WhiteElo "2217"]
[BlackElo "2512"]
[TimeControl "180+1"]
[EndTime "10:28:54 PDT"]
[Termination "Game drawn by repetition"]

1. d4 Nf6 2. Nf3 e6 3. Bf4 d5 4. e3 Bd6 5. Bg3 O-O 6. Bd3 c5 7. c3 Qc7 8. Nbd2 Nbd7 9. e4 dxe4 10. Nxe4 Nxe4 11. Bxe4 Nf6 12. Bd3 b6 13. O-O Bxg3 14.
hxg3 Bb7 15. Qe2 Rad8 16. Rad1 Rfe8 17. dxc5 Qxc5 18. Qe5 Rd5 19. Qe2 Red8 20. Bc2 h6 21. Nd4 a6 22. Rfe1 R5d6 23. Nf3 Ng4 24. Rxd6 Rxd6 25.
Nd4 Nf6 26. Rd1 g6 27. Nf3 Kg7 28. Rxd6 Qxd6 29. Qd3 Qc5 30. Nd4 e5 31. Nb3 Qc7 32. Nd2 b5 33. Qe2 Qd6 34. Ne4 Nxe4 35. Bxe4 Bc8 36.
Bc2 Be6 37. Bb3 Bxb3 38. axb3 Qd5 39. Qe3 h5 40. Kh2 Qd6 41. Qe2 f6 42. Kg1 Qd5 43. Qe3 Qxb3 44. Qa7+ Kh6 45. Qe3+ g5 46. Qf3 Kg6 47. Qe4+ Kg7 48. Qb7+ Kg6 49. Qe4+ Kf7 50.
Qb7+ Kg6 51. Qe4+ 1/2-1/2

[Event "*** Titled Tuesday Blitz"]
[Site "Chess.com"]
[Date "2021.03.16"]
[Round "3"]
[White "AttackSparrow"]
[Black "MuhittinBuker"]
[Result "1-0"]
[WhiteElo "2514"]
[BlackElo "2192"]
[TimeControl "180+1"]
[EndTime "10:28:55 PDT"]
[Termination "AttackSparrow won on time"]

1. e4 e5 2. Nc3 Nc6 3. Bc4 Nf6 4. d3 Bc5 5. f4 d6 6. Nf3 Bg4 7. Na4 Bxf3 8. Qxf3 Nd4 9. Qd1 b5 10. Nxc5 bxc4 11. fxe5 dxc5 12. exf6 cxd3 13. fxg7 Rg8 14.
cxd3 Qh4+ 15. g3 Qh3 16. Qa4+ Ke7 17. Be3 Nf3+ 18. Kf2 Ne5 19. Bxc5+ Kf6 20. Bd4 Rae8 21. Raf1 Kg6 22. Bxe5 Rxe5 23. Qxa7 Qd7 24. Qe3 c5 25. Rd1 Kxg7 26. Rhf1 Rd8 27. Kg1 f6 28. Rf3 Qa4 29.
Rdf1 Rd6 30. Qf2 Qa6 31. Rf5 Rxf5 32. Qxf5 Qxd3 33. e5 Qd4+ 34. Kg2 Qxe5 35. Qxe5 fxe5 36. Rf2 e4 37. Re2 Rd4 38. Kf2 Kf6 39. Rc2 Rd5 40.
a4 Ke5 41. b3 Kd6 42. Ra2 Kc6 43. a5 Kb7 44. a6+ Ka7 45. Ra4 Rd3 46. b4 c4 47.
b5 c3 48. Rc4 Rd5 49. Rc7+ Kb6 50. Rb7+ Ka5 51. a7 1-0

[Event "*** Titled Tuesday Blitz"]
[Site "Chess.com"]
[Date "2021.03.16"]
[Round "3"]
[White "Fischerev7"]
[Black "mirochka"]
[Result "0-1"]
[WhiteElo "2389"]
[BlackElo "2245"]
[TimeControl "180+1"]
[EndTime "10:28:55 PDT"]
[Termination "mirochka won by resignation"]

1. e4 c5 2. Nf3 Nc6 3. d4 cxd4 4.
Nxd4 e5 5. Nf3 Nf6 6. Bc4 Bb4+ 7.
c3 Bc5 8. O-O O-O 9. Bg5 h6 10.
Bh4 Be7 11. Bxf6 Bxf6 12. Na3 a6 13. Nc2 b5 14. Bd5 Rb8 15. Ne3 Ne7 16. Bb3 Bb7 17.
Qd3 Qc7 18. Rad1 Rfd8 19. Ng4 d5 20. Nxf6+ gxf6 21. exd5 Nxd5 22. Qf5 Kg7 23. Bxd5 Bxd5 24. Nh4 Be6 25. Qh5 Rxd1 26. Rxd1 Rd8 27. Rxd8 Qxd8 28. h3 Qd2 29. Nf5+ Bxf5 30. Qxf5 Qxb2 31. Qg4+ Kf8 32.
Qc8+ Kg7 33. Qxa6 Qxc3 34. Qxb5 Qa1+ 35. Kh2 Qxa2 36. Qb6 Qd2 37. Qc5 Qd4 38. Qc2 Qf4+ 39. g3 Qf3 40. Qd2 f5 41. Kg1 f4 42. Qb2 f6 43. gxf4 Qxf4 44. Qb7+ Kg6 45. Qb1+ Kh5 46.
Qd1+ Kh4 47. Kg2 Qe4+ 48. Kh2 Qf4+ 49. Kg2 e4 50. Qe2 Qf3+ 51. Qxf3 exf3+ 52. Kxf3 Kxh3 53. Kf4 Kg2 54. f3 h5 55. Kf5 h4 56. Kxf6 Kxf3 57.
Ke5 h3 0-1

[Event "*** Titled Tuesday Blitz"]
[Site "Chess.com"]
[Date "2021.03.16"]
[Round "3"]
[White "Chigorinetz"]
[Black "Anton_Demchenko"]
[Result "0-1"]
[WhiteElo "2494"]
[BlackElo "2886"]
[TimeControl "180+1"]
[EndTime "10:28:57 PDT"]
[Termination "Anton_Demchenko won on time"]

1. e4 c5 2. Nc3 d6 3. Nf3 Nf6 4. e5 dxe5 5. Nxe5 a6 6. g3 Qd6 7.
Qe2 Nc6 8. Nxc6 Qxc6 9. f3 h5 10. Bg2 h4 11. O-O hxg3 12. hxg3 Qc7 13. f4 Bg4 14.
Qc4 Bh3 15. Qa4+ Bd7 16. Qc4 e6 17. a4 Bc6 18. d3 Bxg2 19. Kxg2 O-O-O 20. Be3 Qc6+ 21. Ne4 Nd5 22. Bxc5 Bxc5 23. Qxc5 Qxc5 24. Nxc5 Ne3+ 25.
Kf3 Nxf1 26. Rxf1 Rh2 27. Rf2 Rxf2+ 28. Kxf2 Rh8 29. Kg2 Kc7 30. b4 Kc6 31. Nb3 Rh5 32. c4 Rh8 33. Nd4+ Kc7 34. Nf3 f6 35. Kf2 Rh1 36.
Ke3 Ra1 37. a5 Rb1 38. f5 e5 39. d4 exd4+ 40. Nxd4 Rxb4 41. Ne6+ Kd6 42. Kd4 Rb1 43.
Nxg7 Rd1+ 44. Ke4 Re1+ 45. Kd4 Rd1+ 46. Ke4 Ra1 47. g4 Ra4 48. g5 fxg5 49. f6 Rxc4+ 50. Kf5 g4 0-1